 Dungeon Crawl Stone Soup version 0.29.1-1-gd02db6906a (webtiles) character file.

Game seed: 18252618358137443995

84 Earthwalker the Covered (level 4, 0/40 HPs)
             Began as a Minotaur Fighter on Oct 5, 2022.
             Slain by Natasha (2 damage)
             ... on level 2 of the Dungeon.
             The game lasted 00:05:00 (1436 turns).

Earthwalker the Covered (Minotaur Fighter)          Turns: 1436, Time: 00:05:00

Health: 0/40       AC:  7    Str: 20    XL:     4   Next: 24%
Magic:  3/3        EV:  9    Int:  5    God:
Gold:   94         SH:  5    Dex: 12    Spells: 3/3 levels left

rFire   . . .      SeeInvis .   a - +0 flail
rCold   . . .      Faith    .   c - +0 buckler
rNeg    . . .      Spirit   .   b - +0 scale mail
rPois   .          Reflect  .   (helmet restricted)
rElec   .          Harm     .   (no cloak)
rCorr   .          Rampage  .   (no gloves)
Will    .....                   (no boots)
Stlth   ..........              (no amulet)
HPRegen 0.13/turn               (no ring)
MPRegen 0.08/turn               (no ring)

@: slowed, very slow
A: horns 2, retaliatory headbutt
a: no special abilities


You were on level 2 of the Dungeon.
You visited 1 branch of the dungeon, and saw 2 of its levels.

You collected 94 gold pieces.

Inventory:

Hand Weapons
 a - a +0 flail (weapon)
 m - a +3 hammer
Armour
 b - a +0 scale mail (worn)
 c - a +0 buckler (worn)
Scrolls
 e - a scroll of blinking {unknown}
 f - 3 scrolls of identify {unknown}
 h - a scroll of enchant armour {unknown}
Potions
 d - a potion of might
 g - a potion of magic {unknown}
 i - a potion of attraction {unknown}
 j - a potion of haste {unknown}
 k - a potion of mutation {unknown}
 l - a potion of curing


   Skills:
 + Level 4.1 Fighting
 + Level 3.4 Maces & Flails
 + Level 4.5 Armour
 + Level 0.4 Dodging
 + Level 4.3 Shields


You had 3 spell levels left.
You didn't know any spells.
Your spell library contained the following spells:

 Spells                   Type           Power      Damage    Failure   Level
 Dazzling Flash           Conj/Hex       0%         N/A       99%         3
 Iskenderun's Mystic Bla  Conj/Tloc      0%         2d3       100%        4
 Starburst                Conj/Fire      0%         6d3       100%        6


Dungeon Overview and Level Annotations

Branches:
Dungeon (2/15)

Altars:

Annotations:
D:2 Natasha


Innate Abilities, Weirdness & Mutations

You have a pair of horns on your head.
You reflexively headbutt those who attack you in melee.


Message History

You start resting.
Natasha, Servant of Life and Death comes into view.
You start resting.
Natasha is nearby!
Natasha hisses angrily.
Natasha howls an incantation.
Natasha's front paws start to glow.
Natasha claws you.
You closely miss Natasha. Your headbutt misses Natasha.
Natasha barely misses you.
You closely miss Natasha. Natasha claws you but does no damage.
You hit Natasha. Your headbutt misses Natasha.
Natasha is moderately wounded.
Natasha claws you!
* * * LOW HITPOINT WARNING * * *
Natasha stares at you and mumbles some strange words.
You feel yourself slow down.
You barely miss Natasha.
Natasha is moderately wounded.
Natasha barely misses you.
You closely miss Natasha. You headbutt Natasha, but do no damage.
Natasha is moderately wounded.
Natasha barely misses you. x2
Natasha stares at you and mumbles some strange words.
The magic dart hits you.
* * * LOW HITPOINT WARNING * * *
You hit Natasha.
Natasha is moderately wounded.
Natasha casts a spell at you. The magic dart hits you.
* * * LOW HITPOINT WARNING * * *
You block Natasha's attack.
You thump Natasha!
Natasha is almost dead.
Natasha stares at you and mumbles some strange words.
You feel as though you will be slow longer.
You closely miss Natasha. Your headbutt misses Natasha.
Natasha is almost dead.
Natasha claws you but does no damage. Natasha claws you.
You die...

.......######.##.#.........#..#
###...##..>...##.#...........##
.......#.####....)...........#
...............................
.......>..###........#..####...#
........#.###.######...## ###...
.....(..#.##..# #.....## ..#
#######...##..###.###.# #..
.........h@.# .. #.
.........#### #.#
...#.#.)########..
.......†......h..#
..###......####### . #..###.#
#.. #... .... ###.# ..#.. .#


You could see Natasha.

Vanquished Creatures
  Natasha (twice) (D:2)
  A worm (D:2)
  A dart slug (D:2)
  3 bats
  2 endoplasms (D:1)
  A giant cockroach (D:1)
  2 goblins (D:2)
  3 hobgoblins (D:1)
  A quokka (D:1)
  7 ball pythons
  3 kobolds
  6 rats
32 creatures vanquished.

Notes
Turn   | Place    | Note
-------+----------+-------------------------------------------
     0 | D:1      | Earthwalker the Minotaur Fighter began the quest for the
                  | Orb.
     0 | D:1      | Reached XP level 1. HP: 19/19 MP: 0/0
   244 | D:1      | Reached XP level 2. HP: 22/27 MP: 1/1
  1066 | D:2      | Found a faded altar of an unknown god.
  1136 | D:2      | Reached XP level 3. HP: 33/33 MP: 2/2
  1258 | D:2      | Noticed Natasha
  1271 | D:2      | Killed Natasha
  1313 | D:2      | Noticed Natasha
  1322 | D:2      | Killed Natasha
  1323 | D:2      | Reached XP level 4. HP: 5/40 MP: 3/3
  1351 | D:2      | Noticed Natasha
  1434 | D:2      | HP: 1/40 [Natasha/magic dart (3)]
  1436 | D:2      | Slain by Natasha

Illustrated notes

Levels and vault maps discovered:
D:1:      scummos_arrival_gate, layout_basic, hangedman_decor_growths,
          minivault_26
D:2:      layout_rooms, serial_glass, glass_columns_a, glass_columns_b,
          nicolae_ecumenical_snake_handling, minmay_unequal, uniq_natasha,
          uniq_crazy_yiuf_cottage

Skill      XL: |  1  2  3 |
---------------+----------+-----
Shields        | 4 |  4.3
Fighting       | 4 |  4.1
Armour         | 4 |  4.5
Maces & Flails | 3 |  3.4
Dodging        | |  0.4

Action                   |  1- 3 |  4- 6 || total
-------------------------+-------+-------++-------
Melee: Flail             |    58 |     8 ||    66
       Headbutt          |    13 |     1 ||    14
Armor: Scale mail        |    30 |     2 ||    32
Dodge: Dodged            |    43 |     4 ||    47
Block: Buckler           |    22 |     1 ||    23
